 Dungeon Crawl Stone Soup version 0.29.1-15-g9cfb28693d (webtiles) character file.

Game seed: 14720934456221298797

5273 BeachedTurtle the Bludgeoner (level 10, -1/78 HPs)
             Began as a Minotaur Berserker on Feb 27, 2023.
             Was an Elder of Trog.
             Slain by an ice devil (31 damage)
             ... on level 9 of the Dungeon.
             The game lasted 00:42:13 (10015 turns).

BeachedTurtle the Bludgeoner (Minotaur Berserker)  Turns: 10015, Time: 00:42:14

Health: -1/78      AC: 12    Str: 25    XL:     10   Next: 36%
Magic:  8/8        EV:  8    Int: 13    God:    Trog [****..]
Gold:   255        SH:  4    Dex:  9    Spells: 9/9 levels left

rFire   + + .      SeeInvis .   r - +6 hammer of the Thieving Enemy {speed, Int+5 Stlth+}
rCold   x . .      Faith    .   t - +2 buckler
rNeg    . . .      Spirit   .   e - +2 chain mail {rF+}
rPois   .          Reflect  .   (helmet restricted)
rElec   .          Harm     .   (no cloak)
rCorr   .          Rampage  .   (no gloves)
Will    .....                   k - +0 pair of boots
Stlth   ..........              (no amulet)
HPRegen 0.23/turn               D - ring of fire
MPRegen 0.11/turn               (no ring)

@: no status effects
A: horns 2, retaliatory headbutt, clever 1, low MP 1
a: Renounce Religion, Berserk, Trog's Hand, Brothers in Arms


You were on level 9 of the Dungeon.
You worshipped Trog.
Trog was greatly pleased with you.
You visited 1 branch of the dungeon, and saw 9 of its levels.

You collected 255 gold pieces.

Inventory:

Hand Weapons
 a - a +1 spear
 q - a +3 quarterstaff of protection
 r - the +6 hammer of the Thieving Enemy (weapon) {speed, Int+5 Stlth+}
   (You found it on level 2 of the Dungeon)

   Attacks with this weapon are significantly faster.
   Int:       It affects your intelligence (+5).
   Stlth:     It makes you more stealthy.
 x - a +2 vorpal scythe
 z - the +6 dagger "Duenliab" {vorpal, rN+}
   (You took it off an orc priest on level 7 of the Dungeon)

   It inflicts extra damage upon your enemies.
   rN:        It protects you from negative energy.
 B - a +5 long sword
 C - a +5 great sword
 J - a +2 morningstar of flaming
Missiles
 h - a throwing net
 m - 5 javelins (quivered)
 s - 8 boomerangs
 G - 3 boomerangs of dispersal
Armour
 b - a +0 animal skin
 e - a +2 chain mail of fire resistance (worn)
 f - a +1 chain mail
 k - a +0 pair of boots (worn)
 t - a +2 buckler (worn)
 A - a +0 pair of boots
 F - a +3 leather armour
 K - +0 swamp dragon scales
Jewellery
 u - a ring of willpower
 D - a ring of fire (left hand)
Wands
 j - a wand of paralysis (9)
 w - a wand of polymorph (5)
 E - a wand of mindburst (14)
Scrolls
 g - a scroll of summoning
 l - 4 scrolls of butterflies
 n - 6 scrolls of identify
 v - 5 scrolls of teleportation
 y - a scroll of brand weapon
 I - a scroll of enchant armour
Potions
 c - 3 potions of lignification
 d - 6 potions of curing
 i - a potion of mutation
 o - a potion of flight


   Skills:
 * Level 4.0 Fighting
 + Level 16.7 Maces & Flails
 - Level 6.9 Polearms
 * Level 3.0 Armour
 - Level 2.2 Dodging


You had 9 spell levels left.
You didn't know any spells.
Your spell library contained the following spells:

 Spells                   Type           Power      Damage    Failure   Level
 Shock                    Conj/Air       0%         1d3       96%         1
 Slow                     Hex            0%         N/A       96%         1
 Sting                    Tmut/Pois      0%         1d3       96%         1
 Ensorcelled Hibernation  Hex/Ice        0%         N/A       99%         2
 Poisonous Vapours        Pois/Air       0%         N/A       99%         2
 Sublimation of Blood     Necr           0%         N/A       99%         2
 Confusing Touch          Hex            0%         N/A       100%        3
 Ozocubu's Armour         Ice            0%         N/A       100%        3
 Spider Form              Tmut/Pois      0%         N/A       100%        3
 Swiftness                Air            0%         N/A       100%        3
 Vampiric Draining        Necr           0%         2d6       100%        3
 Airstrike                Air            0%         2d(0-16)  100%        4
 Anguish                  Hex/Necr       0%         N/A       100%        4
 Olgreb's Toxic Radiance  Pois           0%         N/A       100%        4
 Petrify                  Tmut/Erth      0%         N/A       100%        4
 Irradiate                Conj/Tmut      0%         3d11      100%        5
 Metabolic Englaciation   Hex/Ice        0%         N/A       100%        5
 Simulacrum               Ice/Necr       0%         N/A       100%        6


Dungeon Overview and Level Annotations

Branches:
Dungeon (9/15)             Temple (0/1) D:7
   Lair: D:8-11         Orc: D:9-12

Altars:
Dithmenos

Shops:
D:6 :

Annotations:
D:6 2 transporters, croobank's ghost, weakling OpDe


Innate Abilities, Weirdness & Mutations

You have a pair of horns on your head.
You reflexively headbutt those who attack you in melee.
Your mind is acute. (Int +4, Str/Dex -1)
Your magical capacity is low. (-10% MP)


Message History

You barely miss the bullfrog. Your headbutt misses the bullfrog.
The bullfrog is moderately wounded.
The bullfrog hits you but does no damage.
You thump the bullfrog! You headbutt the bullfrog.
You kill the bullfrog!
Trog accepts your kill.
Your Fighting skill increases to level 4!
Your Armour skill increases to level 3!
You hit the ice devil but do no damage. Your headbutt misses the ice devil.
You barely miss the ice devil. The ice devil hits you.
The ice devil freezes you!!
You feel a terrible chill!
You hit the ice devil.
You headbutt the ice devil, but do no damage.
The ice devil is lightly wounded.
You hit the ice devil but do no damage. Your headbutt misses the ice devil.
The ice devil is lightly wounded.
The ice devil barely misses you.
You hit the ice devil but do no damage.
The ice devil is lightly wounded.
You hit the ice devil but do no damage. You headbutt the ice devil!
The ice devil is moderately wounded.
The ice devil hits you but does no damage.
You hit the ice devil but do no damage.
You headbutt the ice devil, but do no damage.
The ice devil is moderately wounded.
You barely miss the ice devil.
The ice devil is moderately wounded.
You block the ice devil's attack.
You barely miss the ice devil.
The ice devil is moderately wounded.
You sock the ice devil!
The ice devil is heavily wounded.
The ice devil hits you! The ice devil freezes you!!
You feel a terrible chill!
* * * LOW HITPOINT WARNING * * *
You feel much better. The ice devil hits you. The ice devil freezes you!
You feel a terrible chill!
* * * LOW HITPOINT WARNING * * *
You feel much better. The ice devil hits you! The ice devil freezes you!!
You feel a terrible chill!
You die...

..
#........#..##)#######
#.####.....#..##.......#
#...##.....#..########.#
#.........#.......
#....>....#.......
#.........#.......
#.......#.#..F....
######.#..#.......
#.#.@#.....#
#..##4.....#
#...........(
#............
###..........
##......... #.........
#.......## #.......#


You could see an ice devil.

Vanquished Creatures
  Joseph (D:7)
  A hornet (D:8)
  Sigmund (D:3)
  2 wyverns (D:9)
  6 yaks (D:8)
  A steam dragon (D:8)
  3 centaurs
  3 ogres
  4 bullfrogs
  4 scorpions
  A necrophage (D:6)
  3 wights (D:6)
  7 killer bees (D:8)
  2 howler monkeys
  5 hounds
  5 jellies
  8 orc priests
  A gnoll bouda (D:5)
  Natasha (thrice) (D:2)
  6 iguanas
  Crazy Yiuf (D:2)
  7 orc wizards
  8 gnolls
  4 adders
  A shadow imp (D:6)
  2 white imps (D:7)
  2 worms
  A dart slug (D:1)
  27 orcs
  10 endoplasms
  3 giant cockroaches
  2 goblins
  4 hobgoblins
  4 jackals (D:5)
  A quokka (D:2)
  8 ball pythons
  2 bats (D:1)
  2 frilled lizards (D:1)
  8 kobolds
  7 rats
171 creatures vanquished.

Vanquished Creatures (collateral kills)
  Maggie (D:8)
  A centaur (D:8)
  A kobold brigand (D:8)
  3 kobolds (D:8)
6 creatures vanquished.

Vanquished Creatures (others)
  A demonic plant (D:9)
  15 fungi (D:8)
  11 plants
27 creatures vanquished.

Grand Total: 204 creatures vanquished

Notes
Turn   | Place    | Note
-------+----------+-------------------------------------------
     0 | D:1      | BeachedTurtle the Minotaur Berserker began the quest for
                  | the Orb.
     0 | D:1      | Reached XP level 1. HP: 19/19 MP: 0/0
   268 | D:1      | Reached XP level 2. HP: 27/27 MP: 1/1
  1126 | D:2      | Reached skill level 5 in Polearms
  1156 | D:2      | Reached XP level 3. HP: 32/33 MP: 2/2
  1201 | D:2      | Noticed Natasha
  1217 | D:2      | Killed Natasha
  1217 | D:2      | Reached ** piety under Trog
  1413 | D:2      | Noticed Natasha
  1424 | D:2      | Killed Natasha
  1425 | D:2      | Reached XP level 4. HP: 38/40 MP: 3/3
  1653 | D:2      | Found a runed translucent door.
  1654 | D:2      | Noticed Crazy Yiuf
  1729 | D:2      | Noticed Natasha
  1738 | D:2      | Killed Natasha
  2092 | D:2      | Killed Crazy Yiuf
  2093 | D:2      | Reached XP level 5. HP: 46/46 MP: 4/4
  2199 | D:2      | Identified the +6 hammer of the Thieving Enemy {speed,
                  | Int+5 Stlth+}
  2387 | D:3      | Found a faded altar of an unknown god.
  2469 | D:3      | Reached skill level 1 in Maces & Flails
  3096 | D:3      | Noticed Sigmund
  3108 | D:3      | Killed Sigmund
  3109 | D:3      | Reached skill level 4 in Maces & Flails
  3109 | D:3      | Reached XP level 6. HP: 31/52 MP: 5/5
  3587 | D:4      | Reached skill level 5 in Maces & Flails
  4432 | D:5      | Entered Level 5 of the Dungeon
  4466 | D:5      | Reached skill level 6 in Maces & Flails
  4652 | D:5      | Reached XP level 7. HP: 57/58 MP: 6/6
  5064 | D:5      | Reached *** piety under Trog
  5065 | D:5      | Reached skill level 7 in Maces & Flails
  5219 | D:5      | Found a shadowy altar of Dithmenos.
  5574 | D:5      | Reached skill level 8 in Maces & Flails
  5912 | D:6      | Reached skill level 9 in Maces & Flails
  5923 | D:6      | Reached XP level 8. HP: 47/66 MP: 7/7
  6096 | D:6      | Found Taaj's Vocational Training.
  6159 | D:6      | Reached skill level 10 in Maces & Flails
  6480 | D:6      | Reached skill level 11 in Maces & Flails
  6590 | D:6      | Found a transporter.
  6695 | D:6      | Noticed croobank's ghost (weakling OpDe)
  6723 | D:6      | Found a transporter.
  6837 | D:6      | Reached skill level 12 in Maces & Flails
  7076 | D:6      | Reached **** piety under Trog
  7225 | D:7      | Found a staircase to the Ecumenical Temple.
  7234 | D:7      | Reached XP level 9. HP: 71/71 MP: 8/8
  7314 | D:7      | Noticed Joseph
  7374 | D:7      | Killed Joseph
  7375 | D:7      | Reached skill level 13 in Maces & Flails
  8204 | D:7      | Gained mutation: Your magical capacity is low. (-10% MP)
                  | [potion of mutation]
  8204 | D:7      | Gained mutation: Your mind is acute. (Int +4, Str/Dex -1)
                  | [potion of mutation]
  8261 | D:8      | Reached skill level 14 in Maces & Flails
  8367 | D:8      | Identified the +6 dagger "Duenliab" {vorpal, rN+}
  8904 | D:8      | Reached skill level 15 in Maces & Flails
  9170 | D:8      | Reached XP level 10. HP: 60/78 MP: 8/8
  9351 | D:8      | Reached skill level 16 in Maces & Flails
  9391 | D:8      | Noticed Maggie
  9410 | D:8      | Killed Maggie
 10015 | D:9      | Slain by an ice devil

Illustrated notes

Levels and vault maps discovered:
D:1:      lordsloth_arrival_two_stooges, layout_basic, serial_forest,
          infiniplex_forest_end_double, infiniplex_forest_clump_cross,
          infiniplex_forest_clump_small, infiniplex_forest_lined_ring,
          infiniplex_forest_clump_C, infiniplex_forest_lined_corner,
          infiniplex_forest_clump_cross, dk_noncrumbling_3
D:2:      layout_rooms, serial_curves, eino_curves_03, eino_curves_03,
          eino_curves_01, uniq_crazy_yiuf_cottage, uniq_natasha
D:3:      layout_loops_corners, dreamdust_ecumenical_altar_angels_and_demons,
          serial_bayou_crossing, uniq_sigmund
D:4:      layout_loops_ring, roderic_roman_lattice, grunt_ministairs_5,
          kennysheep_generic_room_16
D:5:      layout_rooms, mainiacjoe_overflow_boulevard
D:6:      layout_rooms, gammafunk_ghost_stat_death, minmay_fountain_box,
          minmay_statues_item, grunt_decor_cap, nicolae_shop_vocational
D:7:      layout_cave_pods, minmay_temple_entry_glass, uniq_joseph
D:8:      layout_gridville, hangedman_decor_riveting,
          dreamdust_mushroom_princess, uniq_maggie
D:9:      layout_basic, serial_demonic, serial_demonic_c, serial_demonic_a,
          serial_demonic_e, serial_demonic_c, minmay_curled_crystal

Skill      XL: |  1  2  3  4  5  6  7  8  9 10 |
---------------+-------------------------------+-----
Polearms       | 4 5 6 |  6.9
Maces & Flails | 4 6 9 12 15 16 | 16.7
Fighting       | 4 |  4.0
Armour         | 3 |  3.0
Dodging        | |  2.2

Action                   |  1- 3 |  4- 6 |  7- 9 | 10-12 || total
-------------------------+-------+-------+-------+-------++-------
Melee: Spear             |    76 |    31 |       |       ||   107
       Headbutt          |    11 |    13 |    55 |    19 ||    98
       Mace              |       |    76 |   304 |    77 ||   457
Throw: Javelin           |       |       |       |     3 ||     3
Invok: Trog's Hand       |       |     1 |     1 |     1 ||     3
  Use: Scroll            |     4 |     7 |     1 |     3 ||    15
       Potion            |       |     6 |     5 |     2 ||    13
 Stab: Distracted        |       |       |       |     1 ||     1
Armor: Animal skin       |     2 |       |       |       ||     2
       Chain mail        |    23 |    37 |   133 |    20 ||   213
Dodge: Dodged            |    21 |    37 |   109 |    12 ||   179
Block: Buckler           |       |       |    42 |     9 ||    51
